 Dungeon Crawl Stone Soup version 0.31-a0-544-gceb718ecc6 (webtiles) character file.

Game seed: 3022794412414294838

91 Shayle the Changeling (level 4, 0/45 HPs)
             Began as an Ogre Shapeshifter on Aug 15, 2023.
             Slain by a gnoll
             ... wielding a +0 flail
              (1 damage)
             ... on level 2 of the Dungeon on Aug 16, 2023.
             The game lasted 00:04:06 (1643 turns).

Shayle the Changeling (Ogre Shapeshifter)           Turns: 1643, Time: 00:04:06

Health: 0/45       AC:  3    Str: 19    XL:     4   Next: 57%
Magic:  4/4        EV: 10    Int: 11    God:
Gold:   133        SH:  0    Dex:  9    Spells: 3/3 levels left

rFire   . . .        e - +3 whip
rCold   . . .        (no shield)
rNeg    . . .        a - +0 animal skin
rPois   .            (helmet currently unavailable)
rElec   .            (cloak currently unavailable)
rCorr   .            (gloves unavailable)
SInv    .            (boots unavailable)
Will    .....        (no amulet)
Stlth   +            (no ring)
HPRegen 0.27/turn    (no ring)
MPRegen 0.09/turn

%: no passive effects
@: beast-form
A: beast (slay +2), large, unfitting armour, tough skin 1
a: Begin Untransformation


You were on level 2 of the Dungeon.
You were a hulking beast.
You visited 1 branch of the dungeon, and saw 2 of its levels.

You collected 133 gold pieces.

Inventory:

Hand Weapons
 e - a +3 whip (weapon)
Armour
 a - a +0 animal skin (worn)
Talismans
 c - a beast talisman (active)
 d - a flux talisman
Potions
 b - a potion of lignification
 f - a potion of mutation {unknown}
 g - a potion of curing
 j - a potion of haste {unknown}


   Skills:
 + Level 3.0 Fighting
 + Level 2.6 Dodging
 + Level 3.3 Unarmed Combat
 + Level 3.4 Shapeshifting


You had 3 spell levels left.
You didn't know any spells.
Your spell library contained the following spells:

 Spells                   Type           Power      Damage    Failure   Level
 Wereblood                Tmut           0%         N/A       47%         2
 Gell's Gravitas          Tloc           0%         N/A       71%         3
 Teleport Other           Tloc           0%         N/A       71%         3
 Irradiate                Conj/Tmut      0%         3d11      100%        5
 Dispersal                Tloc           0%         N/A       100%        6


Dungeon Overview and Level Annotations

Branches:
Dungeon (2/15)

Altars:


Innate Abilities, Weirdness & Mutations

You are a hulking beast.
Your limbs bulge with bestial killing power. (Slay +2)
You are too large for most types of armour.
You have tough skin. (AC +1)


Message History

The goblin is engulfed in poison gas.
The goblin looks even sicker.
You kill the goblin!
The gnoll hits you with a +0 spear!
Things that are here:
a +0 dagger; a kobold corpse You whack the gnoll!
The gnoll is heavily wounded.
The gnoll hits you with a +0 spear.
You whack the gnoll!
You kill the gnoll!
Your Fighting skill increases to level 3!
You whack the goblin!
You kill the goblin!
You whack the goblin!
You kill the goblin!
You barely miss the goblin. The goblin closely misses you.
You hit the goblin.
You kill the goblin!
You hit the gnoll.
The gnoll is moderately wounded.
The gnoll hits you with a +0 flail. The gnoll hits you but does no damage.
You hit the gnoll.
The gnoll is severely wounded.
The gnoll hits you with a +0 flail!
* * * LOW HITPOINT WARNING * * *
You closely miss the gnoll.
The gnoll is severely wounded.
The gnoll hits you but does no damage.
You barely miss the gnoll.
The gnoll is severely wounded.
The gnoll hits you with a +0 flail.
* * * LOW HITPOINT WARNING * * *
You hit the gnoll.
The gnoll is almost dead.
The gnoll hits you with a +0 flail!
* * * LOW HITPOINT WARNING * * *
You barely miss the gnoll.
The gnoll is almost dead.
The gnoll hits you with a +0 flail.
You die...

+.....g......
####..g##.##.
##..##.# ##g...#
#g.### #..#
#..####..
.##########..).....
.......hg))†.#####.
..############


You could see a gnoll.

Vanquished Creatures
  2 gnolls
  3 adders (D:2)
  A worm (D:2)
  A dart slug (D:1)
  5 ball pythons
  4 endoplasms
  A giant cockroach (D:2)
  9 goblins
  6 kobolds
  2 quokkas (D:1)
  A bat (D:1)
  4 frilled lizards (D:1)
  A rat (D:1)
40 creatures vanquished.

Notes
Turn   | Place    | Note
-------+----------+-------------------------------------------
     0 | D:1      | Shayle the Ogre Shapeshifter began the quest for the Orb.
     0 | D:1      | Reached XP level 1. HP: 19/19 MP: 1/1
   119 | D:1      | Reached XP level 2. HP: 21/28 MP: 2/2
   917 | D:1      | Reached XP level 3. HP: 29/35 MP: 3/3
  1349 | D:2      | Reached XP level 4. HP: 33/44 MP: 4/4
  1642 | D:2      | HP: 1/45 [gnoll/+0 flail (7)]
  1643 | D:2      | Slain by a gnoll

Illustrated notes

Levels and vault maps discovered:
D:1:      roderic_octagonal_star, layout_loops_ring, minivault_5,
          corexii_leaking_fountain, minmay_tiny_reverse_x
D:2:      layout_loops_corners, dreamdust_ecumenical_altar_statues,
          st_stairs_11, uniq_crazy_yiuf_cottage, uniq_robin

Skill      XL: |  1  2  3  4 |
---------------+-------------+-----
Dodging        | 2 |  2.6
Fighting       | 2 3 |  3.0
Unarmed Combat | 3 |  3.3
Shapeshifting  | |  3.4

Action                     |  1- 3 |  4- 6 || total
---------------------------+-------+-------++-------
  Melee: Whip              |    65 |    25 ||    90
    Use: Scroll            |       |     3 ||     3
         Potion            |       |     1 ||     1
   Stab: Sleeping          |     1 |       ||     1
 Armour: Animal skin       |     8 |     8 ||    16
  Dodge: Dodged            |    28 |     8 ||    36

Table legend: (Time is in decaauts)
 A = Elapsed time spent in this place.
 B = Non-inter-level travel time spent in this place.
 C = Inter-level travel time spent in this place.
 D = Time resting spent in this place.
 E = Time spent auto-exploring this place.
 F = Levels seen in this place.
 G = Mean time per level.
                   A        B        C        D        E       F      G
               +--------+--------+--------+--------+--------+-----+--------+
         Total |   1652 |   1491 |    161 |     83 |   1044 |   2 |  826.0 |
       Dungeon |   1652 |   1491 |    161 |     83 |   1044 |   2 |  826.0 |
               +--------+--------+--------+--------+--------+-----+--------+

Top non-repeatable levels by time:
     D:1: 1264 daAuts
     D:2: 388 daAuts
